 Dungeon Crawl Stone Soup version 0.30-a0-377-g5cb311bc9f (webtiles) character file.

Game seed: 8915458215915152540

8625 sanka the Frost Mage (level 10, -1/84 (86) HPs)
             Began as a Demigod Ice Elementalist on Nov 29, 2022.
             Slain by a rust devil (6 damage)
             ... summoned by an obsidian statue
             ... on level 11 of the Dungeon.
             The game lasted 00:23:30 (11632 turns).

sanka the Frost Mage (Demigod Ice Elementalist)    Turns: 11632, Time: 00:23:31

HP:   -1/84 (86)    AC: -5    Str: 15    XL:     10   Next: 88%
MP:   9/19          EV: 14    Int: 29    God:
Gold: 718           SH:  0    Dex: 14    Spells: 3/17 levels left

rFire   . . .      SeeInvis +    a - +8 rapier "Zitwu" {flame, SInv}
rCold   . . .      Faith    .    (no shield)
rNeg    . . .      Spirit   .    Q - +0 troll leather armour
rPois   .          Reflect  .    p - +0 helmet
rElec   .          Harm     .    q - +2 cloak
rCorr   .          Rampage  .    T - +0 pair of gloves
Will    +....                    P - +0 pair of boots
Stlth   ++........               v - amulet of magic regeneration
HPRegen 1.14/turn                D - +6 ring of strength
MPRegen 0.56/turn                j - +4 ring of protection

@: mighty, ice-armoured, corroded, lightly drained
A: high MP 1, forlorn, divine attributes
a: no special abilities


You were on level 11 of the Dungeon.
You visited 1 branch of the dungeon, and saw 11 of its levels.

You collected 718 gold pieces.


Innate Abilities, Weirdness & Mutations

You have an increased reservoir of magic. (+10% MP)
You shall have no god before yourself.
Your divine heritage dramatically boosts your attributes as you level up.


   Skills:
 + Level 7.0 Fighting
 - Level 2.0 Armour
 + Level 7.0 Dodging
 - Level 1.7 Stealth
 - Level 4.0 Spellcasting
 - Level 2.0 Summonings
 - Level 12.0 Ice Magic


You had 3 spell levels left.
You knew the following spells:

 Your Spells              Type           Power      Damage    Failure   Level
a - Ozocubu's Armour      Ice            66%        N/A       1%          3
u - Hailstorm             Conj/Ice       40%        3d10      2%          3
x - Summon Ice Beast      Ice/Summ       46%        N/A       4%          4
y - Frozen Ramparts       Ice            100%       1d16      1%          3
z - Freeze                Ice            100%       1d10      1%          1

Your spell library contained the following spells:

 Spells                   Type           Power      Damage    Failure   Level
 Gell's Gravitas          Tloc           5%         N/A       26%         3
 Teleport Other           Tloc           5%         N/A       26%         3
 Metabolic Englaciation   Hex/Ice        20%        N/A       21%         5
 Simulacrum               Ice/Necr       20%        N/A       73%         6
 Dispersal                Tloc           2%         N/A       100%        6

Inventory:

Hand Weapons
 a - the +8 rapier "Zitwu" (weapon) {flame, SInv}

   It burns those it strikes, dealing additional fire damage.
   SInv:      It lets you see invisible.
 i - a +1 whip of electrocution
 n - a +0 mace of draining
 E - a +0 halberd
Missiles
 N - a throwing net {=f}
Armour
 p - a +0 helmet (worn)
 q - a +2 cloak (worn)
 B - a scarf of shadows
 P - a +0 pair of boots (worn)
 Q - a +0 troll leather armour (worn)
 T - a +0 pair of gloves (worn)
Magical Staves
 G - a staff of fire
 U - a staff of cold
Jewellery
 j - a +4 ring of protection (right hand)
 o - a ring of flight
 v - an amulet of magic regeneration (around neck)
 y - a ring of poison resistance
 D - a +6 ring of strength (left hand)
Wands
 s - a wand of digging (6)
Scrolls
 c - 3 scrolls of teleportation {@r4}
 d - a scroll of poison {unknown}
 f - a scroll of amnesia {unknown}
 g - 2 scrolls of fog {unknown}
 l - 3 scrolls of immolation {!r}
 u - a scroll of blinking
 A - 2 scrolls of noise {!r}
 C - a scroll of torment {!r}
 I - a scroll of enchant armour
 J - a scroll of fear {unknown}
 M - a scroll of magic mapping {unknown}
 O - a scroll of silence {unknown}
 R - a scroll of enchant weapon {unknown}
 S - 6 scrolls of identify {@r1}
Potions
 b - a potion of magic
 e - 4 potions of curing {unknown}
 h - a potion of brilliance {unknown}
 k - a potion of resistance {unknown}
 m - 3 potions of might
 r - 4 potions of heal wounds {unknown}
 t - 3 potions of mutation {unknown}
 w - 2 potions of invisibility {unknown}
 x - 3 potions of cancellation {unknown}
 z - a potion of lignification {unknown}
 F - 2 potions of attraction {unknown}
 H - 3 potions of degeneration {unknown}
 K - a potion of berserk rage {unknown}
 L - a potion of ambrosia {unknown}

Dungeon Overview and Level Annotations

Branches:
Dungeon (11/15)            Temple (0/1) D:6            Lair (0/5) D:8
    Orc (0/2) D:11

Shops:
D:3 (   D:11 *

Annotations:
D:5 exclusion: phantom
D:10 3 runed translucent doors, Verendum's ghost, novice OpMo
D:11 exclusion: obsidian statue

▒..≈≈≈≈≈≈≈≈≈≈≈≈..≈≈≈~~.......
▒...............▒▒~~~........
▒.▒▒▒▒▒▒▒▒▒▒▒.▒..▒.........▒▒
▒.▒▒▒▒▒▒ ▒▒...▒▒▒........▒.▒
▒......▒▒▒.▒▒.▒▒▒.........▒▒▒
▒▒..5:5.▒.▒▒▒...........▒▒▒.▒
▒.)###[...▒▒............▒...
▒.)#8#...▒▒▒............▒...
▒.[...£...▒p...........▒....
▒▒.!:?...~4▒5..▒..▒.▒..▒....
▒....~~~≈~.....▒.▒.▒▒▒.....
▒.▒▒.≈≈~≈~.....▒▒▒..▒......
▒▒▒▒>▒.~≈≈≈~....▒▒▒▒▒▒▒▒▒▒▒..
▒..)▒▒▒▒~~~....▒.▒...▒▒▒▒▒▒..
▒....▒.........▒▒.▒...▒▒▒▒▒..
▒▒▒...........▒.....).▒▒▒▒▒..
▒▒.^.........▒........▒▒▒▒▒..


You could see a rust devil (summoned) and an ufetubus (summoned).


Message History

The ufetubus barely misses you. The ufetubus misses you.
The ufetubus barely misses you. The rust devil hits you!
* * * LOW HITPOINT WARNING * * *
The rust devil corrodes you!
Unknown command.
Unknown command.
You freeze the rust devil.
The rust devil resists.
The rust devil is almost dead.
The ufetubus closely misses you. The ufetubus hits you.
* * * LOW HITPOINT WARNING * * *
The rust devil hits you!
* * * LOW HITPOINT WARNING * * *
The rust devil corrodes you!
Unknown command.
Unknown command.
Unknown command.
It was a potion of might.
You feel very mighty all of a sudden.
You carefully extract the barbed spikes from your body.
The ufetubus hits you.
* * * LOW HITPOINT WARNING * * *
The ufetubus closely misses you. The ufetubus barely misses you.
The ufetubus closely misses you. The rust devil hits you.
You die...

Action                   |  1- 3 |  4- 6 |  7- 9 | 10-12 || total
-------------------------+-------+-------+-------+-------++-------
Melee: Unarmed           |    11 |       |       |       ||    11
       Short sword       |    13 |       |       |       ||    13
       Mace              |       |    14 |    11 |       ||    25
       Halberd           |       |       |    13 |       ||    13
       Rapier            |       |       |    53 |    32 ||    85
       Punch             |       |       |       |     1 ||     1
 Cast: Freeze            |    65 |    72 |   123 |    79 ||   339
       Frozen Ramparts   |       |     7 |    17 |     9 ||    33
       Ozocubu's Armour  |       |     6 |    21 |    14 ||    41
       Summon Ice Beast  |       |       |     1 |     3 ||     4
       Hailstorm         |       |       |     8 |     9 ||    17
Evoke: Wand              |       |       |       |     1 ||     1
  Use: Scroll            |       |       |     6 |     2 ||     8
       Potion            |       |       |       |     1 ||     1
 Stab: Sleeping          |     2 |       |     3 |       ||     5
Armor: Robe              |    14 |    29 |    75 |     4 ||   122
       Troll leather arm |       |       |       |   104 ||   104
Dodge: Dodged            |    32 |    64 |   140 |   167 ||   403

Levels and vault maps discovered:
D:1:      lordsloth_arrival_two_stooges, layout_loops_ring
D:2:      layout_basic, basic_altar
D:3:      layout_basic, amcnicky_altar_gilded, old_standard_altar,
          xom_butterflies, okawaru_metal_pillars_3, serial_shops, shop,
          uniq_jessica, uniq_ijyb
D:4:      layout_layer_cave, nzn_hepliaklqana_mist_gate, uniq_menkaure
D:5:      nicolae_cairo_tiling, layout_loops_ring, cheibrodos_worm_habitat,
          jmf_multi_god_temple, uniq_sigmund, uniq_grinder
D:6:      layout_basic, tso_altar, gammafunk_temple_overflow_wave,
          minmay_temple_entry_glassed_door
D:7:      layout_gridville, old_standard_altar, uniq_pikel
D:8:      layout_rooms, nicolae_qazlal_general_emergency, lair_entry_dummy
D:9:      layout_basic, grunt_decor_resistance, mrwooster_statue_mirror
D:10:     layout_stronghold, biasface_ghost_orc_armoury, uniq_grum
D:11:     layout_big_octagon, orc_0_dummy, minmay_hedge_maze,
          nicolae_inconvenience_store, minmay_protected_statue

Notes
Turn   | Place    | Note
-------+----------+-------------------------------------------
     0 | D:1      | sanka the Demigod Ice Elementalist began the quest for the
                  | Orb.
     0 | D:1      | Reached XP level 1. HP: 14/14 MP: 5/5
   168 | D:1      | Reached skill level 2 in Spellcasting
   173 | D:1      | Reached skill level 4 in Ice Magic
   185 | D:1      | Reached XP level 2. HP: 16/20 MP: 0/7
   910 | D:1      | Reached XP level 3. HP: 26/26 MP: 8/8
  1937 | D:3      | Noticed Ijyb
  1946 | D:3      | Killed Ijyb
  1947 | D:3      | Reached skill level 5 in Ice Magic
  1947 | D:3      | Reached XP level 4. HP: 32/33 MP: 2/9
  1951 | D:3      | Learned a level 3 spell: Frozen Ramparts
  1955 | D:3      | Learned a level 3 spell: Ozocubu's Armour
  2113 | D:3      | Found Rihena's Weapon Emporium.
  2236 | D:3      | Noticed Jessica
  2244 | D:3      | Killed Jessica
  2845 | D:4      | Noticed Menkaure
  2905 | D:4      | Reached skill level 6 in Ice Magic
  2905 | D:4      | Reached XP level 5. HP: 24/38 MP: 5/10
  3581 | D:4      | Reached XP level 6. HP: 45/45 MP: 4/11
  3654 | D:4      | Reached skill level 7 in Ice Magic
  4395 | D:5      | Entered Level 5 of the Dungeon
  4468 | D:5      | Noticed Grinder
  4730 | D:5      | Noticed Sigmund
  4741 | D:5      | Killed Sigmund
  4742 | D:5      | Reached skill level 8 in Ice Magic
  4742 | D:5      | Reached skill level 2 in Dodging
  4742 | D:5      | Reached XP level 7. HP: 42/51 MP: 9/13
  4777 | D:5      | Learned a level 3 spell: Hailstorm
  4974 | D:5      | Reached skill level 3 in Spellcasting
  5015 | D:5      | Paralysed by Grinder for 3 turns
  5112 | D:3      | Killed Menkaure
  5113 | D:3      | Reached skill level 4 in Spellcasting
  5113 | D:3      | Reached skill level 1 in Fighting
  5118 | D:3      | Learned a level 4 spell: Summon Ice Beast
  5291 | D:5      | Killed Grinder
  5292 | D:5      | Reached skill level 1 in Summonings
  5292 | D:5      | Reached XP level 8. HP: 57/61 MP: 17/17
  5335 | D:5      | Reached skill level 2 in Summonings
  5660 | D:5      | Identified the +8 rapier "Zitwu" {flame, SInv}
  5958 | D:6      | Reached skill level 9 in Ice Magic
  6171 | D:6      | Found a staircase to the Ecumenical Temple.
  6255 | D:6      | Reached skill level 10 in Ice Magic
  6255 | D:6      | Reached skill level 2 in Fighting
  7087 | D:7      | Reached skill level 3 in Fighting
  7087 | D:7      | Reached skill level 3 in Dodging
  7239 | D:7      | Noticed Pikel
  7256 | D:7      | Killed Pikel
  7257 | D:7      | Reached skill level 4 in Fighting
  7257 | D:7      | Reached skill level 4 in Dodging
  7257 | D:7      | Reached XP level 9. HP: 71/71 MP: 13/18
  7800 | D:7      | Reached skill level 5 in Dodging
  7833 | D:7      | Reached skill level 5 in Fighting
  8425 | D:8      | Reached skill level 6 in Fighting
  8425 | D:8      | Reached skill level 6 in Dodging
  8657 | D:8      | Found a staircase to the Lair.
  8975 | D:9      | Reached XP level 10. HP: 79/84 MP: 14/19
  9602 | D:10     | Entered Level 10 of the Dungeon
  9605 | D:10     | Noticed Grum
  9671 | D:10     | Reached skill level 11 in Ice Magic
  9864 | D:10     | Found a runed translucent gate.
  9865 | D:10     | Found a runed translucent gate.
  9866 | D:10     | Noticed Verendum's ghost (novice OpMo)
  9867 | D:10     | Identified the +0 plate armour "Tuid" {rPois Int+4}
  9916 | D:10     | Killed Grum
 10249 | D:10     | Found a runed translucent gate.
 10312 | D:10     | Noticed a two-headed ogre
 10319 | D:10     | Killed a two-headed ogre
 10320 | D:10     | Reached skill level 12 in Ice Magic
 10623 | D:11     | Noticed a manticore
 10636 | D:11     | Killed a manticore
 10660 | D:11     | Reached skill level 1 in Armour
 10803 | D:11     | Found a staircase to the Orcish Mines.
 10939 | D:11     | Noticed a red ugly thing
 10952 | D:11     | Killed a red ugly thing
 10953 | D:11     | Reached skill level 7 in Fighting
 10953 | D:11     | Reached skill level 2 in Armour
 10953 | D:11     | Reached skill level 7 in Dodging
 11017 | D:11     | Noticed an obsidian statue
 11179 | D:11     | Noticed a smoke demon
 11295 | D:11     | Found Leutoat's General Store.
 11610 | D:11     | Noticed a rust devil
 11631 | D:11     | HP: 6/84 [rust devil[an obsidian statue] (7)]
 11632 | D:11     | Slain by a rust devil

Vanquished Creatures
  A two-headed ogre (D:10)
  Pikel (D:7)
  An ugly thing (D:11)
  A manticore (D:11)
  3 trolls
  Grinder (D:5)
  Sigmund (D:5)
  6 yaks (D:10)
  2 wraiths (D:11)
  Grum (D:10)
  3 steam dragons
  Menkaure (D:3)
  An acid dragon (D:8)
  A water moccasin (D:6)
  A sky beast (D:6)
  4 orc warriors
  4 ice beasts
  An ogre (D:6)
  2 centaurs (D:6)
  4 wolves
  6 bullfrogs
  3 necrophages
  A scorpion (D:7)
  2 gnoll sergeants
  8 killer bees
  3 howler monkeys
  2 electric eels (D:11)
  4 hounds
  3 jellies
  10 orc priests
  A gnoll bouda (D:4)
  2 iguanas (D:5)
  Jessica (D:3)
  Ijyb (D:3)
  6 orc wizards
  17 gnolls
  3 adders
  2 shadow imps
  An ufetubus (D:5)
  A worm (D:5)
  4 dart slugs
  38 orcs
  11 bats
  7 endoplasms
  3 giant cockroaches
  12 goblins
  5 hobgoblins
  4 jackals (D:1)
  3 quokkas
  5 ball pythons
  5 frilled lizards
  9 kobolds
  6 rats
229 creatures vanquished.

Vanquished Creatures (collateral kills)
  An electric eel (D:11)
1 creature vanquished.

Grand Total: 230 creatures vanquished
